 Dungeon Crawl Stone Soup version 0.16.1-4-g8e1b745 (console) character file.

77 gw the Ruffian (level 4, 0/32 HPs)
             Began as a Formicid Transmuter on Mar 27, 2015.
             Succumbed to an adder's poison
             ... on level 2 of the Dungeon.
             The game lasted 00:02:39 (2684 turns).

gw the Ruffian (Formicid Transmuter)                Turns: 2684, Time: 00:02:39

Health: 0/32       AC:  2    Str: 14    XL:     4   Next: 60%
Magic:  9/10       EV: 12    Int: 14    God:
Gold:   32         SH:  0    Dex: 11    Spells: 3 memorised, 1 level left

rFire  . . .     SeeInvis +       - Unarmed
rCold  . . .     Clarity  .     c - +0 robe
rNeg   . . .     SustAb   .     (no shield)
rPois  .         Gourm    .     (helmet unavailable)
rElec  .         Spirit   .     (no cloak)
rCorr  .         Warding  .     (no gloves)
rMut   .         Stasis   +     (boots unavailable)
MR     .....                    (no amulet)
Stlth  +.........               (no ring)
                                (no ring)

@: lethally poisoned (0 -> -7), appendage (expiring), not resistant to hostile
enchantments, very unstealthy
A: permanent stasis, dig shafts and tunnels, four strong arms, antennae 3,
talons 3
a: Dig, Shaft Self, End Transformation


You were on level 2 of the Dungeon.
You were very hungry.
You had grown temporary talons.
You visited 1 branch of the dungeon, and saw 2 of its levels.

You collected 32 gold pieces.

Inventory:

Missiles
 b - 12 arrows
 f - 42 stones (quivered)
Armour
 c - a +0 robe (worn)
Magical devices
 i - a wand of random effects (40)
Scrolls
 g - a scroll of recharging {unknown}
Potions
 k - a potion of heal wounds {unknown}
Books
 d - a book of Changes

   Spells                             Type                      Level
   a - Beastly Appendage              Transmutation                1
   b - Sticks to Snakes               Transmutation                2
   c - Spider Form                    Transmutation/Poison         3
   d - Ice Form                       Ice/Transmutation            4
   e - Blade Hands                    Transmutation                5
Comestibles
 a - 2 bread rations
 h - 2 fruits
 j - a slice of pizza


   Skills:
 + Level 1.5 Fighting
 + Level 2.1 Armour
 - Level 1.7 Dodging
 + Level 3.3 Unarmed Combat
 + Level 3.0 Spellcasting
 * Level 2.9 Transmutations


You had one spell level left.
You knew the following spells:

 Your Spells              Type           Power        Failure   Level  Hunger
a - Beastly Appendage     Trmt           ##....       10%         1    #......
b - Spider Form           Trmt/Pois      #.........   38%         3    ###....
c - Ice Form              Ice/Trmt       #.......     95%         4    #####..


Dungeon Overview and Level Annotations

Branches:
Dungeon (2/15)

Altars:


Innate Abilities, Weirdness & Mutations

You are under a permanent stasis effect.
You can dig through walls and to a lower floor.
Your four strong arms can wield two-handed weapons with a shield.
You have a pair of large antennae on your head (SInv).
You have claws for feet.


Message History

You feel sick.
Unknown command.
Unknown command.
Unknown command.
ATTACKING (0,1)
You swing at nothing.
You feel sick.
Unknown command.
Unknown command.
Unknown command.
Unknown command.
ATTACKING (-1,0)
You swing at nothing.
Your transformation is almost over.
Unknown command.
Unknown command.
Unknown command.
Unknown command.
ATTACKING (-1,0)
You swing at nothing.
You die...

##########
.....((%a#
########.#
#.# #.#
#)# #.#
#.# #.#
#.#


There were no monsters in sight!

Table legend:
 A = Turns spent in this place as a percentage of turns spent in the entire game.
 B = Non-inter-level travel turns spent in this place as a percentage of non-inter-level travel turns spent in the entire game.
 C = Inter-level travel turns spent in this place as a percentage of turns spent in this place.
 D = Turns resting spent in this place as a percentage of non-inter-level travel turns spent in this place.
 E = Turns spent auto-exploring this place as a percentage of non-inter-level travel turns spent in this place.
 F = Non-inter-level travel turns spent in this place divided by the number of levels of this place that you've seen.
                   A       B       C       D       E      F
               +-------+-------+-------+-------+-------+----------------------
         Total | 100.0 | 100.0 |   0.3 |   3.4 |   1.6 | 1754.0
       Dungeon | 100.0 | 100.0 |   0.3 |   3.4 |   1.6 | 1754.0
               +-------+-------+-------+-------+-------+----------------------

Table legend:
 A = Kills in this place as a percentage of kills in entire the game.
 B = Kills by you in this place as a percentage of kills by you in the entire game.
 C = Kills by friends in this place as a percentage of kills by friends in the entire game.
 D = Other kills in this place as a percentage of other kills in the entire game.
 E = Experience gained in this place as a percentage of experience gained in the entire game.
 F = Experience gained in this place divided by the number of levels of this place that you have seen.
                   A       B       C       D       E      F
               +-------+-------+-------+-------+-------+----------------------
         Total | 100.0 | 100.0 |  -nan |  -nan | 100.0 |  55.5
       Dungeon | 100.0 | 100.0 |  -nan |  -nan | 100.0 |  55.5
               +-------+-------+-------+-------+-------+----------------------

Vanquished Creatures
  3 adders (D:2)
  2 worms (D:2)
  2 oozes (D:2)
  3 bats (D:1)
  3 giant cockroaches
  8 goblins
  5 hobgoblins (D:1)
  4 kobolds (D:1)
  A quokka (D:2)
  3 giant newts
  3 rats (D:1)
37 creatures vanquished.

Notes
Turn   | Place    | Note
--------------------------------------------------------------
     0 | D:1      | gw, the Formicid Transmuter, began the quest for the Orb.
     0 | D:1      | Reached XP level 1. HP: 15/15 MP: 3/3
   288 | D:1      | Reached XP level 2. HP: 9/21 MP: 3/5
   566 | D:1      | Reached skill level 1 in Armour
   989 | D:1      | Reached XP level 3. HP: 13/26 MP: 5/7
  1154 | D:1      | Learned a level 3 spell: Spider Form
  2229 | D:2      | Reached XP level 4. HP: 29/32 MP: 7/9
  2262 | D:2      | Learned a level 4 spell: Ice Form
  2682 | D:2      | HP: 1/32 [poisoned by an adder]
  2684 | D:2      | Succumbed to an adder's poison

Action                   |  1- 3 |  4- 6 || total
-------------------------+-------+-------++-------
Melee: Unarmed           |   124 |    44 ||   168
Throw: Stone             |    96 |     6 ||   102
 Cast: Beastly Appendage |    37 |     5 ||    42
  Use: Potion            |     2 |     1 ||     3
       Scroll            |     2 |       ||     2
  Eat: Chunk             |     5 |       ||     5

Vault maps used:
D:1:      saegor_arrival_simple_e, minmay_misc_feat_four_crosses
D:2:      uniq_terence
